 Dungeon Crawl Stone Soup version 0.19.1-1-g22dce08 (webtiles) character file.

338 theAP the Conjurer (level 6, 0/32 HPs)
             Began as a Deep Elf Conjurer on Jan 7, 2017.
             Slain by Natasha (10 damage)
             ... on level 4 of the Dungeon.
             The game lasted 00:12:13 (3151 turns).

theAP the Conjurer (Deep Elf Conjurer)              Turns: 3151, Time: 00:12:14

Health: 0/32       AC:  3    Str:  8    XL:     6   Next: 29%
Magic:  1/15       EV: 13    Int: 22    God:
Gold:   197        SH:  0    Dex: 15    Spells: 3 memorised, 5 levels left

rFire  . . .     SeeInvis .     (no weapon)
rCold  . . .     Gourm    .     l - +0 robe (curse)
rNeg   . . .     Faith    .     (no shield)
rPois  .         Spirit   .     g - +0 helmet
rElec  .         Reflect  .     (no cloak)
rCorr  .         Harm     .     (no gloves)
MR     .....                    (no boots)
Stlth  ++........               (no amulet)
                                (no ring)
                                k - +3 ring of strength

@: very slightly contaminated, slowed, very slow
A: no striking features
a: no special abilities


You were on level 4 of the Dungeon.
You were not hungry.

You visited 1 branch of the dungeon, and saw 4 of its levels.

You collected 197 gold pieces.

Inventory:

Armour
 a - a +1 robe
 g - a +0 helmet (worn)
 h - a +0 helmet of see invisible
 l - a cursed +0 robe (worn)
Jewellery
 k - a +3 ring of strength (left hand)
Scrolls
 d - a scroll of enchant weapon
 f - a scroll of teleportation {unknown}
Potions
 e - 5 potions of curing
 i - a potion of cancellation
Books
 b - a book of Conjurations

   Spells                             Type                      Level
   a - Magic Dart                     Conjuration                  1
   b - Searing Ray                    Conjuration                  2
   c - Dazzling Spray                 Conjuration/Hexes            3
   d - Fulminant Prism                Conjuration/Hexes            4
   e - Iskenderun's Mystic Blast      Conjuration                  4
   f - Iskenderun's Battlesphere      Conjuration/Charms           5
Comestibles
 c - 5 bread rations


   Skills:
 - Level 2.5 Dodging
 - Level 2.4 Stealth
 + Level 5.3 Spellcasting
 * Level 7.3 Conjurations
 + Level 1.7 Charms


You had 5 spell levels left.
You knew the following spells:

 Your Spells              Type           Power        Failure   Level  Hunger
a - Magic Dart            Conj           ####         1%          1    None
b - Iskenderun's Mystic   Conj           #####...     6%          4    ####...
c - Iskenderun's Battles  Conj/Chrm      ####....     50%         5    #####..


Dungeon Overview and Level Annotations

Branches:
Dungeon (4/15)
 Temple: D:4-7

Altars:
Hepliaklqana
Okawaru
Qazlal
The Shining One

Annotations:
D:3 Sigmund
D:4 Natasha


Message History

Press: ? - help, Shift-Dir - straight line, f/p - Natasha
Aim: Natasha The orb of energy hits Natasha.
Natasha is severely wounded.
Natasha casts a spell.
Natasha closely misses you.
Casting: Iskenderun's Mystic Blast
Confirm with . or Enter, or press ? or * to list all spells.
You don't have enough magic to cast that spell.
Unknown command.
Natasha drinks a potion.
Natasha flickers and vanishes!
Deactivating autopickup; reactivate with Ctrl-A.
The iron imp barely misses you.
You miss something.
You hear some strange, mumbled words. x2
The iron imp barely misses you. Something claws you.
The white imp hits you but does no damage.
The white imp barely misses you. Something claws you!
You die...

....# #..........#.#### ..
..#.######.........)#....##+##.#
###.......#########..........#.#
##.........# #..........#.#
...........# #............#
...........# #...........##.
...........########..............
##>...............5..............
##.#.#.####.....@.5.####.....####
..........'......5..)[.'.....+
...########....÷....####.....#
...# #.........# ####### ...#
#.........# †..# #.........# ...#
#.....(...# ...# #.........# ...#
######.........#


You could see an iron imp, a crimson imp and a white imp.

Vanquished Creatures
  A centaur zombie (D:3)
  An orc priest (D:4)
  An orc wizard (D:4)
  Jessica (D:2)
  An iguana (D:4)
  Natasha (twice) (D:4)
  5 adders
  An ooze (D:3)
  2 worms (D:4)
  4 dart slugs (D:1)
  2 leopard geckos
  13 orcs
  6 bats
  3 giant cockroaches
  6 goblins
  8 hobgoblins
  3 jackals (D:1)
  2 ball pythons
  3 frilled lizards
  4 kobolds
  4 rats
73 creatures vanquished.

Notes
Turn   | Place    | Note
-------+----------+-------------------------------------------
     0 | D:1      | theAP the Deep Elf Conjurer began the quest for the Orb.
     0 | D:1      | Reached XP level 1. HP: 10/10 MP: 6/6
   104 | D:1      | Reached XP level 2. HP: 15/15 MP: 1/8
   383 | D:1      | Reached skill level 5 in Conjurations
   561 | D:1      | Reached XP level 3. HP: 19/19 MP: 7/10
   988 | D:2      | Found an iron altar of Okawaru.
  1080 | D:2      | Found a hazy altar of Hepliaklqana.
  1123 | D:2      | Noticed Jessica
  1127 | D:2      | Killed Jessica
  1127 | D:2      | Reached XP level 4. HP: 24/24 MP: 1/12
  1860 | D:3      | Reached skill level 6 in Conjurations
  2016 | D:3      | Noticed Sigmund
  2251 | D:3      | Reached XP level 5. HP: 5/28 MP: 2/14
  2484 | D:3      | Found a faded altar of an unknown god.
  2620 | D:3      | Found a glowing golden altar of the Shining One.
  2644 | D:3      | Learned a level 4 spell: Iskenderun's Mystic Blast
  2650 | D:3      | Learned a level 5 spell: Iskenderun's Battlesphere
  2786 | D:4      | Found a stormy altar of Qazlal.
  2857 | D:4      | Noticed Natasha
  2859 | D:4      | Killed Natasha
  2859 | D:4      | Reached skill level 5 in Spellcasting
  2916 | D:4      | Noticed Natasha
  2919 | D:4      | Killed Natasha
  2919 | D:4      | Reached skill level 7 in Conjurations
  2919 | D:4      | Reached skill level 1 in Charms
  2937 | D:4      | Reached XP level 6. HP: 30/32 MP: 2/15
  3142 | D:4      | Noticed Natasha
  3151 | D:4      | Slain by Natasha

Skill      XL: |  1  2  3  4  5 |
---------------+----------------+-----
Conjurations   | 5 6 7 |  7.3
Spellcasting   | 4 5 |  5.3
Charms         | 1 |  1.7
Dodging        | |  2.5
Stealth        | |  2.4

Action                   |  1- 3 |  4- 6 || total
-------------------------+-------+-------++-------
Melee: Unarmed           |       |    11 ||    11
 Cast: Magic Dart        |    76 |    99 ||   175
       Iskenderun's Myst |       |     6 ||     6
  Use: Scroll            |     3 |     4 ||     7
       Potion            |     1 |       ||     1
  Eat: Chunk             |       |     3 ||     3
       Beef jerky        |       |     1 ||     1
       Pizza             |       |     1 ||     1
       Bread ration      |       |     1 ||     1
Armor: Robe              |     1 |     3 ||     4
Dodge: Dodged            |     2 |    22 ||    24
